 Dungeon Crawl Stone Soup version 0.21-a0-474-g05767a10c8 (webtiles) character file.

105 Kaname the Conjurer (level 4, 0/30 HPs)
             Began as a Demonspawn Wizard on Nov 22, 2017.
             Slain by a centaur zombie (3 damage)
             ... on level 5 of the Dungeon.
             The game lasted 00:06:23 (2226 turns).

Kaname the Conjurer (Demonspawn Wizard)             Turns: 2226, Time: 00:06:24

Health: 0/30       AC:  2    Str:  7    XL:     4   Next: 54%
Magic:  0/8        EV: 12    Int: 20    God:
Gold:   94         SH:  0    Dex: 15    Spells: 3/9 levels left

rFire    . . .     SeeInvis .   p - +0 short sword
rCold    . . .     Gourm    .   (no shield)
rNeg     + . .     Faith    .   a - +0 robe
rPois    .         Spirit   .   b - +0 hat
rElec    .         Reflect  .   (no cloak)
rCorr    .         Harm     .   (no gloves)
MR       .....                  (no boots)
Stlth    ++++......             (no amulet)
HPRegen  0.10/turn              f - ring of positive energy
MPRegen  0.11/turn              k - +3 ring of dexterity

@: no status effects
A: nightstalker 2
a: no special abilities


You were on level 5 of the Dungeon.
You were very hungry.

You visited 1 branch of the dungeon, and saw 5 of its levels.

You collected 94 gold pieces.

Inventory:

Hand Weapons
 h - a +0 blowgun
 p - a +0 short sword (weapon)
Missiles
 s - 16 poisoned needles
 t - 12 needles of sleeping
Armour
 a - a +0 robe (worn)
 b - a +0 hat (worn)
Jewellery
 f - a ring of positive energy (left hand)
 k - a +3 ring of dexterity (right hand)
Scrolls
 e - 2 scrolls of identify
 i - a scroll of teleportation
 l - a scroll of enchant armour {unknown}
 n - a scroll of immolation {unknown}
 o - a scroll of blinking {unknown}
Potions
 g - a potion of flight
 m - a potion of ambrosia {unknown}
 u - a potion of degeneration {unknown}
Books
 c - a book of Minor Magic

   Spells                             Type                      Level
   a - Magic Dart                     Conjuration                  1
   b - Blink                          Translocation                2
   c - Call Imp                       Summoning                    2
   d - Slow                           Hexes                        2
   e - Conjure Flame                  Conjuration/Fire             3
   f - Mephitic Cloud                 Conjuration/Poison/Air       3
Comestibles
 d - 4 bread rations
 q - 2 royal jellies


   Skills:
 - Level 1.7 Dodging
 - Level 1.7 Stealth
 - Level 3.0 Spellcasting
 - Level 4.0 Conjurations
   Level 1.0 Summonings
 - Level 0.8 Translocations
 * Level 1.7 Poison Magic


You had 3 spell levels left.
You knew the following spells:

 Your Spells              Type           Power        Failure   Level  Hunger
a - Magic Dart            Conj           ###.         2%          1    None
b - Blink                 Tloc           N/A          16%         2    ##.....
c - Mephitic Cloud        Conj/Pois/Air  ##......     21%         3    ###....


Dungeon Overview and Level Annotations

Branches:
Dungeon (6/15)
 Temple: D:4-7

Altars:
Dithmenos
Hepliaklqana
Makhleb
Qazlal
Trog
Yredelemnul
Zin

Annotations:
D:3 exclusion: sky beast


Innate Abilities, Weirdness & Mutations

You are significantly more attuned to the shadows.


Message History

The centaur zombie hits you but does no damage.
Casting: Magic Dart
Confirm with . or Enter, or press ? or * to list all spells.
Aiming: Magic Dart
Press: ? - help, Shift-Dir - straight line, f/p - centaur zombie
Aim: a centaur zombie (heavily damaged)
The magic dart hits the centaur zombie.
The centaur zombie is heavily damaged.
The centaur zombie hits you.
* * * LOW HITPOINT WARNING * * *
Okay, then.
Casting: Magic Dart
Confirm with . or Enter, or press ? or * to list all spells.
Aiming: Magic Dart
Press: ? - help, Shift-Dir - straight line, f/p - centaur zombie
Aim: a centaur zombie (heavily damaged)
The magic dart hits the centaur zombie.
The centaur zombie is severely damaged.
The centaur zombie hits you.
You die...

.......... ..#.##....
..#.##.....#####+####
..#........#........#
..###......#........#
..###......#........#
...........#........#
#............###.######
#####.####...# #@#....#
#.# #...###Z#....###.
#.# #...+............
#.# #...########.....
### ##### ..... .....
5.... .....


You could see a centaur zombie.

Vanquished Creatures
  A bullfrog zombie (D:5)
  2 adders (D:3)
  A shadow imp (D:5)
  2 leopard geckos (D:3)
  3 bats
  2 giant cockroaches
  7 goblins
  3 hobgoblins
  7 jackals
  A quokka (D:2)
  A ball python (D:1)
  4 frilled lizards
  7 kobolds
41 creatures vanquished.

Notes
Turn   | Place    | Note
-------+----------+-------------------------------------------
     0 | D:1      | Kaname the Demonspawn Wizard began the quest for the Orb.
     0 | D:1      | Reached XP level 1. HP: 13/13 MP: 4/4
   266 | D:1      | Reached skill level 2 in Conjurations
   286 | D:1      | Gained mutation: You are slightly more attuned to the shadows. [demonic ancestry]
   286 | D:1      | Reached XP level 2. HP: 11/19 MP: 0/6
   775 | D:2      | Learned a level 2 spell: Blink
  1117 | D:2      | Reached skill level 3 in Conjurations
  1158 | D:2      | Reached XP level 3. HP: 21/24 MP: 4/7
  1375 | D:3      | Found a shadowy altar of Dithmenos.
  1377 | D:3      | Found a basalt altar of Yredelemnul.
  1383 | D:3      | Found a bloodstained altar of Trog.
  1383 | D:3      | Found a burning altar of Makhleb.
  1385 | D:3      | Found a hazy altar of Hepliaklqana.
  1386 | D:3      | Found a stormy altar of Qazlal.
  1386 | D:3      | Found a glowing silver altar of Zin.
  1386 | D:3      | Noticed a sky beast
  1801 | D:3      | You fall through a shaft for 3 floors!
  1801 | D:6      | Noticed a black bear
  1814 | D:6      | Learned a level 3 spell: Mephitic Cloud
  1815 | D:5      | Entered Level 5 of the Dungeon
  1824 | D:5      | Gained mutation: You are significantly more attuned to the shadows. [demonic ancestry]
  1824 | D:5      | Reached XP level 4. HP: 9/30 MP: 4/8
  2053 | D:5      | Reached skill level 4 in Conjurations
  2124 | D:5      | Reached skill level 1 in Poison Magic
  2226 | D:5      | Slain by a centaur zombie

Vault maps used:
D:1:      dpeg_arrival_pits
D:2:      first_bread
D:3:      grunt_temple_overflow_open, grunt_ministairs_12
D:5:      cheibrodos_quashed, kennysheep_generic_room_6
D:6:      overflow_temple_1_default, temple_hall, minmay_door_square

Skill      XL: |  1  2  3  4 |
---------------+-------------+-----
Conjurations   | 2 3 4 |  4.0
Poison Magic   | 1 |  1.7
Dodging        | |  1.7
Stealth        | |  1.7
Spellcasting   | |  3.0
Summonings     | |  1.0
Translocations | |  0.8

Action                   |  1- 3 |  4- 6 || total
-------------------------+-------+-------++-------
Melee: Club              |    48 |       ||    48
       Short sword       |    15 |    13 ||    28
 Cast: Magic Dart        |    68 |    23 ||    91
  Use: Potion            |     4 |     1 ||     5
       Scroll            |     3 |       ||     3
 Stab: Sleeping          |     2 |       ||     2
  Eat: Chunk             |     3 |       ||     3
Armor: Robe              |    12 |     7 ||    19
Dodge: Dodged            |    65 |    19 ||    84

Table legend:
 A = Spawn XP
 B = Non-spawn XP
 C = Spawn XP percentage of total XP
 D = Spawn monster count
 E = Non-spawn monster count
 F = Spawn count percentage of total count
 G = Total turns spent on level
                    A         B        C        D         E        F      G
               +---------+---------+-------+---------+---------+-------+---------
         Total |       0 |     151 |   0.0 |       0 |      41 |   0.0 |  2226
               +---------+---------+-------+---------+---------+-------+---------
           D:1 |       0 |      29 |   0.0 |       0 |      17 |   0.0 |   730
           D:2 |       0 |      12 |   0.0 |       0 |       8 |   0.0 |   675
           D:3 |       0 |      44 |   0.0 |       0 |      11 |   0.0 |   396
           D:5 |       0 |      66 |   0.0 |       0 |       5 |   0.0 |   411
               +---------+---------+-------+---------+---------+-------+---------
